Map: Ruby Rock LE

Players

trigger

  • Race: Protoss Protoss
  • League: Grandmaster
  • Spawn Location: 11:00

SKillous - Winner!

  • Race: Protoss Protoss
  • League: Master
  • Spawn Location: 5:00

VOD

Have the link to the VOD?

Description

Time

  • Played on: Jan. 31, 2026, 4:02 p.m.
  • Length: 9:18
Show
View Real Time Build Order
Export as new Build Order

trigger Protoss 

Build Orders:  

Get SALT Encoding   

  12  0:00  Probe  
  13  0:12  Probe  
  14  0:16  Pylon  
  14  0:23  Probe  
  15  0:31  Probe  
  16  0:36  Gateway  
  16  0:39  Probe  
  16  0:45  Assimilator  
  17  0:51  Probe  
  17  0:53  Assimilator  
  18  0:59  Probe  
  19  1:07  Probe  
  19  1:09  Gateway  
  20  1:17  Probe  
  20  1:24  Cybernetics Core  
  21  1:29  Probe  
  22  1:35  Pylon  
  22  1:41  Probe  
  23  1:53  Probe  
  24  1:57  Stalker x2  
  24  2:00  Warp Gate  
  28  2:07  Pylon  
  28  2:14  Probe  
  29  2:24  Stalker x2  
  33  2:34  Robotics Facility  
  33  2:58  Nexus  
  32  3:08  Probe  
  31  3:12  Pylon  
  31  3:14  Warp Prism, Sentry  
  35  3:28  Probe  
  34  3:40  Probe  
  34  3:41  Immortal  
  35  3:50  Sentry  
  35  3:53  Probe  
  42  4:00  Shield Battery  
  42  4:05  Probe  
  43  4:10  Probe  
  44  4:18  Probe  
  44  4:19  Adept  
  44  4:20  Probe, Adept  
  44  4:21  Observer  
  51  4:27  Probe  
  51  4:28  Probe  
  52  4:35  Probe  
  52  4:36  Probe  
  53  4:42  Immortal  
  53  4:44  Sentry  
  61  4:49  Pylon  
  61  4:54  Gateway  
  61  4:58  Probe  
  62  5:08  Pylon  
  62  5:11  Stalker x2  
  66  5:16  Probe x2  
  68  5:28  Probe  
  68  5:29  Immortal  
  68  5:35  Probe  
  74  5:43  Stalker x2  
  74  5:45  Probe  
  74  5:47  Probe  
  66  5:50  Stalker x3  
  64  5:57  Probe, Immortal  
  64  5:59  Probe  
  64  6:02  Nexus  
  64  6:03  Assimilator  
  66  6:09  Probe  
  61  6:16  Stalker  
  61  6:17  Stalker  
  65  6:21  Stalker  
  67  6:27  Immortal  
  67  6:30  Pylon  
  66  6:35  Probe  
  66  6:36  Probe  
  72  6:44  Adept x2  
  76  6:50  Probe x2  
  78  7:02  Probe x2  
  78  7:05  Twilight Council  
  78  7:08  Forge  
  80  7:09  Shield Battery  
  80  7:10  Warp Prism  
  80  7:11  Probe  
  80  7:12  Probe  
  80  7:14  Probe  
  80  7:15  Sentry  
  86  7:19  Probe  
  86  7:20  Probe  
  87  7:25  Shield Battery  
  87  7:26  Probe  
  87  7:27  Sentry  
  87  7:28  Shield Battery  
  92  7:32  Sentry  
  94  7:45  Photon Cannon  
  94  7:46  Photon Cannon  
  94  7:48  Photon Cannon, Pylon  
  94  7:49  Photon Cannon  
  90  7:54  Shield Battery  
  90  8:05  Photon Cannon x2  
  90  8:07  Adept x2  
  90  8:09  Immortal  
  94  8:12  Assimilator  
  94  8:13  Adept  
  94  8:16  Assimilator  
  100  8:28  Adept x2  
  104  8:37  Adept  
  104  8:48  Adept x2  
  80  8:58  Gateway  
Show
View Real Time Build Order
Export as new Build Order

SKillous Protoss - Winner!

Build Orders: Phoenix Opening, Blink Stalkers, Zealot Archon 

Get SALT Encoding   

  12  0:00  Probe  
  13  0:12  Probe  
  14  0:17  Pylon  
  14  0:23  Probe  
  15  0:31  Probe  
  16  0:36  Gateway  
  16  0:39  Probe  
  16  0:45  Assimilator  
  17  0:50  Probe  
  17  0:54  Assimilator  
  18  0:59  Probe  
  19  1:06  Gateway  
  19  1:07  Probe  
  20  1:17  Probe  
  20  1:23  Cybernetics Core  
  21  1:29  Probe  
  21  1:32  Pylon  
  22  1:41  Probe  
  23  1:53  Probe  
  24  1:56  Stalker  
  24  1:59  Phoenix, Sentry  
  24  2:00  Warp Gate  
  28  2:05  Probe  
  29  2:11  Pylon  
  29  2:17  Probe  
  30  2:30  Nexus  
  30  2:33  Sentry  
  30  2:37  Probe  
  33  2:40  Sentry  
  35  2:47  Shield Battery  
  35  2:50  Probe  
  36  2:54  Stalker  
  38  3:03  Probe  
  39  3:11  Probe  
  37  3:13  Twilight Council  
  37  3:17  Pylon  
  37  3:19  Probe  
  39  3:30  Blink  
  39  3:35  Probe  
  39  3:39  Probe  
  40  3:47  Probe x2  
  42  3:49  Stalker x2  
  47  3:57  Probe  
  47  3:59  Probe  
  49  4:09  Probe  
  50  4:12  Stalker x2  
  54  4:18  Probe  
  54  4:21  Probe  
  56  4:27  Nexus  
  56  4:29  Pylon  
  56  4:33  Probe  
  56  4:34  Probe  
  56  4:37  Stalker  
  60  4:46  Probe x2  
  60  4:47  Stalker  
  60  4:52  Gateway  
  64  4:53  Phoenix  
  64  4:58  Probe x2  
  64  4:59  Gateway  
  66  5:09  Stalker  
  66  5:10  Probe  
  66  5:11  Probe  
  70  5:14  Assimilator  
  70  5:15  Shield Battery  
  70  5:16  Pylon  
  70  5:18  Forge  
  70  5:26  Robotics Facility  
  68  5:31  Shield Battery  
  68  5:34  Stalker x2  
  70  5:36  Probe  
  70  5:39  Protoss Ground Weapons Level 1  
  70  5:41  Probe  
  70  5:42  Probe  
  70  5:48  Probe  
  70  5:49  Probe  
  70  5:54  Probe  
  72  5:57  Probe  
  72  5:58  Probe  
  72  5:59  Stalker x4  
  82  6:06  Probe x3  
  83  6:17  Pylon  
  85  6:20  Warp Prism  
  85  6:24  Charge  
  85  6:25  Gateway  
  85  6:28  Gateway  
  85  6:34  Pylon  
  85  6:38  Probe x3  
  85  6:39  Assimilator  
  88  6:40  Gateway x2  
  88  6:41  Pylon  
  88  6:49  Zealot x2  
  88  6:50  Observer  
  92  6:57  Zealot x2  
  92  7:00  Shield Battery  
  97  7:06  Gateway x2  
  97  7:07  Templar Archives  
  97  7:13  Zealot x2  
  103  7:21  Zealot x2  
  109  7:27  Pylon, Photon Cannon  
  109  7:28  Photon Cannon  
  105  7:30  Zealot x2  
  105  7:44  Zealot x2  
  106  7:54  High Templar x2  
  106  7:56  Pylon  
  106  7:57  Pylon  
  106  7:58  Archon, High Templar x2  
  110  7:59  Zealot  
  110  8:04  Archon  
  116  8:06  Pylon, Probe  
  116  8:07  Pylon  
  117  8:16  Probe, Nexus  
  117  8:17  Pylon  
  117  8:18  Zealot x5  
  128  8:26  High Templar x2  
  132  8:27  Zealot  
  132  8:28  Pylon  
  132  8:30  Archon  
  132  8:32  Zealot x2  
  132  8:33  Warp Prism  
  113  8:48  Zealot x5  
  113  8:49  Zealot  
  113  8:54  Zealot x2  
Tags
 
Add a new tag
Caveats
  • Supply blocks, unpowered buildings, or Contaminate may cause inaccurate times.
  • Supply counts are checked every 10 seconds.